 Dungeon Crawl Stone Soup version 0.29.1-12-g30fa7ad0bf (webtiles) character file.

Game seed: 13773612557575398004

89 JanusIIV the Cudgeller (level 4, 0/42 HPs)
             Began as a Gargoyle Berserker on Dec 28, 2022.
             Was a Believer of Trog.
             Slain by a worm (2 damage)
             ... on level 3 of the Dungeon.
             The game lasted 00:02:43 (2038 turns).

JanusIIV the Cudgeller (Gargoyle Berserker)         Turns: 2038, Time: 00:02:44

Health: 0/42       AC:  6    Str: 23    XL:     4   Next: 55%
Magic:  4/4        EV: 11    Int:  7    God:    Trog [**....]
Gold:   44         SH:  0    Dex:  9    Spells: 3/3 levels left

rFire   . . .      SeeInvis .   a - +0 mace
rCold   . . .      Faith    .   (no shield)
rNeg    + . .      Spirit   .   b - +0 animal skin
rPois   ∞          Reflect  .   (no helmet)
rElec   +          Harm     .   (no cloak)
rCorr   .          Rampage  .   k - +0 pair of gloves
Will    .....                   (no boots)
Stlth   ..........              (no amulet)
HPRegen 0.14/turn               (no ring)
MPRegen 0.09/turn               (no ring)

@: berserking (expiring), very quick
A: sickness immunity, AC +3, negative energy resistance 1, electricity
resistance, torment resistance 1, petrification resistance
a: Renounce Religion, Berserk, Trog's Hand


You were on level 3 of the Dungeon.
You worshipped Trog.
Trog was pleased with you.
You visited 1 branch of the dungeon, and saw 3 of its levels.

You collected 44 gold pieces.

Inventory:

Hand Weapons
 a - a +0 mace (weapon)
Armour
 b - a +0 animal skin (worn)
 k - a +0 pair of gloves (worn)
Jewellery
 d - a +6 ring of intelligence
 n - a ring of protection from cold
 o - a ring of protection from cold
Scrolls
 c - 4 scrolls of identify {unknown}
 e - 4 scrolls of teleportation {unknown}
 g - a scroll of magic mapping {unknown}
 h - a scroll of blinking {unknown}
 i - a scroll of summoning {unknown}
 j - a scroll of amnesia {unknown}
Potions
 f - 3 potions of curing {unknown}
 l - a potion of heal wounds {unknown}
 m - a potion of cancellation {unknown}


   Skills:
 - Level 3.2 Fighting
 + Level 5.2 Maces & Flails
 - Level 2.1 Armour
 - Level 1.5 Dodging


You had 3 spell levels left.
You didn't know any spells.
Your spell library was empty.

Dungeon Overview and Level Annotations

Branches:
Dungeon (3/15)

Altars:

Shops:
D:2 (


Innate Abilities, Weirdness & Mutations

You are immune to sickness and miasma.
Your stone body is resilient. (AC +3)
You are immune to poison.
You resist negative energy. (rN+)
You are resistant to electric shocks. (rElec)
You are resistant to unholy torment.
You are immune to petrification.


Message History

You sock the orc!
You kill the orc!
Trog accepts your kill. The orc closely misses you.
You hit the orc.
The orc is lightly wounded.
The orc barely misses you. x2
You hit the orc but do no damage. The orc hits you with a +0 falchion.
The orc hits you with a +0 flail.
* * * LOW HITPOINT WARNING * * *
The orc hits you but does no damage.
A red film seems to cover your vision as you go berserk!
You feel yourself moving faster!
You feel mighty! The orc hits you with a +0 falchion.
* * * LOW HITPOINT WARNING * * *
The orc hits you with a +0 flail.
* * * LOW HITPOINT WARNING * * *
The orc barely misses you.
You sock the orc!
You kill the orc!
Trog accepts your kill. The orc hits you with a +0 falchion.
* * * LOW HITPOINT WARNING * * *
The orc hits you with a +0 dagger.
* * * LOW HITPOINT WARNING * * *
You barely miss the orc. The orc barely misses you. The orc misses you.
You closely miss the orc. You sock the orc!
You kill the orc!
Trog accepts your kill. The orc hits you with a +0 falchion.
* * * LOW HITPOINT WARNING * * *
You thump the orc!
You kill the orc!
Trog accepts your kill.
You see here a +0 falchion.
You sock the worm!
The worm is severely wounded.
The worm bites you.
You die...

.....#..# .......#### ##.........
........# . .......#####
...####.........o
#....(....#....#.#
#......)w>.#...#.#
########@#.##..#.# ##.
#).#.......##.....
#(.)........#..#.#.
##..................
#..#...............#
##.........†........# ########
####...###)###.........#
#^.....###..........# #...##.....
........##..........###..###.....


You could see a worm.

Vanquished Creatures
  2 adders
  A worm (D:2)
  A dart slug (D:2)
  7 orcs
  5 endoplasms
  2 giant cockroaches
  3 goblins
  7 hobgoblins
  6 jackals (D:2)
  3 quokkas (D:2)
  5 ball pythons
  5 bats
  5 rats (D:1)
52 creatures vanquished.

Notes
Turn   | Place    | Note
-------+----------+-------------------------------------------
     0 | D:1      | JanusIIV the Gargoyle Berserker began the quest for the
                  | Orb.
     0 | D:1      | Reached XP level 1. HP: 14/14 MP: 1/1
   142 | D:1      | Reached XP level 2. HP: 18/19 MP: 2/2
   889 | D:1      | Reached skill level 4 in Maces & Flails
  1100 | D:2      | Reached XP level 3. HP: 22/23 MP: 3/3
  1146 | D:2      | Reached ** piety under Trog
  1546 | D:2      | Reached XP level 4. HP: 28/28 MP: 4/4
  1774 | D:2      | Found Neddu's Weapon Shoppe.
  1844 | D:3      | Found a faded altar of an unknown god.
  1856 | D:3      | Reached skill level 5 in Maces & Flails
  2035 | D:3      | HP: 2/42 [orc/+0 falchion (3)]
  2038 | D:3      | Slain by a worm

Illustrated notes

Levels and vault maps discovered:
D:1:      ncdulo_halloftheorcs, layout_basic, minmay_misc_feat_square,
          minmay_vboxes
D:2:      layout_rooms, serial_shops, nicolae_shop_behind_doors
D:3:      layout_rooms, ebering_ecumenical_altar_webs

Skill      XL: |  1  2  3  4 |
---------------+-------------+-----
Maces & Flails | 4 5 |  5.2
Fighting       | |  3.2
Armour         | |  2.1
Dodging        | |  1.5

Action                   |  1- 3 |  4- 6 || total
-------------------------+-------+-------++-------
Melee: Mace              |    99 |    47 ||   146
Invok: Berserk           |     2 |     1 ||     3
 Stab: Sleeping          |     1 |       ||     1
Armor: Animal skin       |    41 |    14 ||    55
Dodge: Dodged            |    67 |    38 ||   105
